 Dungeon Crawl Stone Soup version 0.26.0-16-gc1dbca0489 (webtiles) character file.

Game seed: 15696656548305768716

6 sizableburger the Magician (level 2, -2/20 HPs)
             Began as a Human Wanderer on Jan 20, 2021.
             Slain by a kobold
             ... wielding a +0 club
              (6 damage)
             ... on level 1 of the Dungeon.
             The game lasted 00:03:34 (563 turns).

sizableburger the Magician (Human Wanderer)          Turns: 563, Time: 00:03:34

Health: -2/20      AC:  2    Str: 12    XL:     2   Next: 0%
Magic:  3/6        EV: 11    Int: 11    God:
Gold:   19         SH:  0    Dex: 13    Spells: 5/7 levels left

rFire    . . .     SeeInvis .   a - +0 dagger
rCold    . . .     Faith    .   (no shield)
rNeg     . . .     Spirit   .   d - +0 robe
rPois    .         Reflect  .   (no helmet)
rElec    .         Harm     .   (no cloak)
rCorr    .         Rampage  .   (no gloves)
Will     .....                  (no boots)
Stlth    +.........             (no amulet)
HPRegen  0.06/turn              (no ring)
MPRegen  0.10/turn              (no ring)

@: very slightly contaminated
A: no striking features
a: no special abilities


You were on level 1 of the Dungeon.
You visited 1 branch of the dungeon, and saw 2 of its levels.

You collected 19 gold pieces.

Inventory:

Hand Weapons
 a - a +0 dagger (weapon)
Armour
 d - a +0 robe (worn)
Scrolls
 b - 2 scrolls of teleportation {unknown}
 e - a scroll of magic mapping {unknown}
Potions
 c - 2 potions of berserk rage {unknown}
 f - a potion of degeneration {unknown}
 g - a potion of invisibility {unknown}


   Skills:
 + Level 0.4 Fighting
 + Level 0.4 Short Blades
 - Level 1.0 Axes
 - Level 2.0 Armour
 - Level 1.0 Shields
 - Level 3.0 Spellcasting
 + Level 0.4 Conjurations
 - Level 1.0 Necromancy
 + Level 1.2 Poison Magic
 - Level 1.0 Evocations


You had 5 spell levels left.
You knew the following spells:

 Your Spells              Type           Power        Failure   Level
a - Magic Dart            Conj           8%           22%         1
b - Sting                 Tmut/Pois      8%           21%         1

Your spell library contained the following spells:

 Spells                   Type           Power        Failure   Level
 Foxfire                  Conj/Fire      8%           24%         1
 Blink                    Tloc           N/A          36%         2
 Call Imp                 Summ           1%           36%         2
 Slow                     Hex            1%           36%         2
 Spider Form              Tmut/Pois      1%           52%         3
 Mephitic Cloud           Conj/Pois/Air  2%           54%         3
 Ignite Poison            Fire/Tmut/Pois 2%           56%         3
 Conjure Flame            Conj/Fire      2%           58%         3


Dungeon Overview and Level Annotations

Branches:
Dungeon (2/15)

Altars:


Message History

Press: ? - help, Shift-Dir - straight line, f/p - kobold
Aim: a kobold, wielding a +0 club (heavily wounded, 45% to evade)
You miscast Sting.
You are very lightly contaminated with residual magic.
Nothing appears to happen.
The kobold hits you but does no damage.
Casting: Sting (safe; 21% risk of failure)
Confirm with . or Enter, or press ? or * to list all spells.
Aiming: Sting (safe; 21% risk of failure)
Press: ? - help, Shift-Dir - straight line, f/p - kobold
Aim: a kobold, wielding a +0 club (heavily wounded, 45% to evade)
The sting misses the kobold.
The kobold hits you with a +0 club.
* * * LOW HITPOINT WARNING * * *
Casting: Sting (safe; 21% risk of failure)
Confirm with . or Enter, or press ? or * to list all spells.
Aiming: Sting (safe; 21% risk of failure)
Press: ? - help, Shift-Dir - straight line, f/p - kobold
Aim: a kobold, wielding a +0 club (heavily wounded, 45% to evade)
You miscast Sting.
Nothing appears to happen.
The kobold hits you with a +0 club.
You die...

###
###########.#
#.....@K....#
#.#########.#
#.# #.#
###########.#
#K#
............#
#.#
################
#.# #.......#
####.# #.#####>#
#....#
########.#.)>..#
#....#


You could see a kobold.

Vanquished Creatures
  A giant cockroach (D:2)
  3 kobolds
  A bat (D:1)
  2 rats (D:1)
7 creatures vanquished.

Notes
Turn   | Place    | Note
-------+----------+-------------------------------------------
     0 | D:1      | sizableburger the Human Wanderer began the quest for the
                  | Orb.
     0 | D:1      | sizableburger set off with the following items: a +0
                  | dagger, a +0 robe; and the following spells available to
                  | memorise: Sting, Foxfire, Magic Dart, Blink, Call Imp,
                  | Slow, Spider Form, Ignite Poison, Mephitic Cloud, Conjure
                  | Flame
     0 | D:1      | Reached XP level 1. HP: 13/13 MP: 4/4
     4 | D:1      | Learned a level 1 spell: Magic Dart
     6 | D:1      | Learned a level 1 spell: Sting
    10 | D:1      | You fall into a shaft and drop 1 floor!
   420 | D:1      | Reached XP level 2. HP: 20/20 MP: 6/6
   563 | D:1      | Slain by a kobold

Illustrated notes

Levels and vault maps discovered:
D:1:      amcnicky_arrival_double_pillar, layout_basic
D:2:      layout_rooms, serial_rivers, chequers_serial_rivers_small_a,
          chequers_serial_rivers_micro_c, chequers_serial_rivers_room_b,
          chequers_serial_rivers_small_b

Action                   || total
-------------------------++-------
Melee: Dagger            ||    26
 Cast: Sting             ||     4
       Magic Dart        ||     2
 Stab: Sleeping          ||     2
Armor: Robe              ||     7
Dodge: Dodged            ||    18
